[Event "*** Titled Tuesday Blitz"]
[Site "Chess.com"]
[Date "2021.02.02"]
[Round "8"]
[White "kasparicy"]
[Black "PotapovaM"]
[Result "0-1"]
[WhiteElo "2357"]
[BlackElo "2648"]
[TimeControl "180+1"]
[EndTime "11:30:35 PST"]
[Termination "PotapovaM won by resignation"]

1. e4 c5 2. Nf3 d6 3. d4 cxd4 4. Nxd4 Nf6 5. Nc3 a6 6. Qf3 Nbd7 7. g4 Ne5 8. Qg2 Bxg4 9. h3 Bd7 10. f4 Nc6 11. Be3 Nxd4 12. Bxd4 Bc6 13. O-O-O e6 14. Bd3 Qc7 15. Qf2 Be7 16. Rhg1 Rg8 17. Bb6 Qc8 18.
e5 Nd7 19. Bxh7 Rh8 20. Rxg7 Nxb6 21. Qxb6 Bf8 22. Qg1 d5 23. Bg8 Bxg7 24. Qxg7 Rxg8 25. Qxg8+ Ke7 26. Qg5+ Kd7 27. f5 Qg8 28. Qf6 Rf8 29.
Ne4 Qh8 30. Nc5+ Kc8 31. Qe7 Re8 32. Qxf7 Qxe5 33. fxe6 Qe3+ 34. Kb1 Qxc5 35. h4 Qe7 36. Qf2 Qxe6 37. h5 Qg4 38. Rh1 Qe4 39. Rg1 Qe5 40. h6 Rh8 41. Rh1 Qe7 42. a3 d4 43.
Qf5+ Kb8 44. h7 Bxh1 45. Qg6 Rxh7 46. Qg3+ Qc7 47. Qf4 Qxf4 0-1

[Event "*** Titled Tuesday Blitz"]
[Site "Chess.com"]
[Date "2021.02.02"]
[Round "8"]
[White "KubaGepard"]
[Black "FMJoseHerrera"]
[Result "1-0"]
[WhiteElo "2342"]
[BlackElo "2471"]
[TimeControl "180+1"]
[EndTime "11:30:35 PST"]
[Termination "KubaGepard won on time"]

1. e4 f6 2. Nf3 g6 3. d4 Kf7 4.
Nc3 Kg7 5. h4 h5 6. Bc4 c6 7. e5 d5 8. exd6 exd6 9. d5 Nh6 10.
Bf4 b5 11. Bb3 c5 12. Nxb5 a5 13. a4 Nf7 14. c4 Na6 15. Bd2 Bg4 16. Bc3 Nb4 17.
Bxb4 axb4 18. Qd3 Qe8+ 19. Kf1 Qd7 20. Nd2 Ne5 21. Qg3 Qf5 22. Kg1 Kh7 23. Kh2 Bh6 24.
Nxd6 Qd3 25. N2e4 Kg7 26. Nxc5 Qd2 27. Nde4 Qxb2 28. Ra2 Qd4 29. f3 Bf5 30. Nd6 Qxc5 31. Nxf5+ Kh7 32. Nxh6 Kxh6 33. Re1 Rhe8 34. Rd2 Qd6 35.
Rc1 Rac8 36. Qf4+ Kg7 37. Kg1 Rc5 38. Qd4 Rec8 39. Kf2 R5c7 40. Rdc2 Rc5 41. a5 Kh7 42. g3 Qa6 43. d6 Qxa5 44. Rd1 Nd7 45. Qf4 Re5 46. Ra2 Qc5+ 47. Kg2 Re3 48. Rd5 Qb6 49.
Rb5 Qxb5 50. cxb5 Rxb3 51. Ra7 Rd8 52. Qc4 1-0

[Event "*** Titled Tuesday Blitz"]
[Site "Chess.com"]
[Date "2021.02.02"]
[Round "8"]
[White "Mbneu"]
[Black "2nd_life"]
[Result "0-1"]
[WhiteElo "2297"]
[BlackElo "2457"]
[TimeControl "180+1"]
[EndTime "11:30:37 PST"]
[Termination "2nd_life won by resignation"]

1. d4 Nf6 2. c4 e6 3. Nc3 Bb4 4. Bg5 h6 5. Bh4 c5 6. d5 d6 7. e3 Bxc3+ 8. bxc3 g5 9. Bg3 Ne4 10. dxe6 fxe6 11. Qh5+ Kd7 12. Bd3 Qf6 13. Ne2 Nxg3 14. hxg3 Nc6 15. O-O Kc7 16. f4 Bd7 17. Rad1 Rag8 18.
Be4 Be8 19. Qf3 g4 20. Qf2 Na5 21. Bd3 h5 22. e4 b6 23. e5 dxe5 24. fxe5 Qxf2+ 25. Rxf2 Rf8 26. Rdf1 Rxf2 27. Rxf2 Nc6 28. Nf4 Nxe5 29.
Nxe6+ Kd6 30. Bf5 Bd7 31. Rd2+ Ke7 32. Ng7 Rg8 33. Bxd7 Rxg7 34. Bb5 Rf7 35. Rd5 Ke6 36. Rd8 Kf5 37. Rh8 Ke4 38. Rxh5 a6 39. Be8 Re7 40.
Rh8 Nxc4 41. Bg6+ Ke3 42. Rh4 Ne5 43. Bf5 Rf7 44. Bxg4 Nxg4 45. Rxg4 Kd3 46. Rg6 Rb7 47. g4 Kxc3 48. g5 c4 49. Rf6 Kb2 50. g6 c3 51. Rf7 c2 52. Rxb7 c1=Q+ 53. Kh2 Qh6+ 54. Kg1 Qxg6 55. Rd7 Kxa2 56. Rd2+ Kb3 0-1

[Event "*** Titled Tuesday Blitz"]
[Site "Chess.com"]
[Date "2021.02.02"]
[Round "8"]
[White "Paralinch"]
[Black "Gabrielian_Artur"]
[Result "1-0"]
[WhiteElo "2905"]
[BlackElo "2783"]
[TimeControl "180+1"]
[EndTime "11:30:38 PST"]
[Termination "Paralinch won by resignation"]

1. e4 e5 2. Nf3 Nc6 3. Bb5 g6 4. c3 a6 5. Ba4 Bg7 6. O-O d6 7. d4 Bd7 8. h3 Nf6 9. Re1 O-O 10. Bg5 h6 11. Bh4 b5 12. Bc2 Re8 13. Nbd2 Qb8 14.
Nf1 Nh5 15. dxe5 Nxe5 16. Nxe5 Bxe5 17. Ne3 Nf4 18. Bg3 Bc6 19. Ng4 h5 20. Bxf4 hxg4 21. Qxg4 Bxf4 22. Qxf4 Re5 23. Re3 Qe8 24. Rae1 Qe7 25.
Qg3 Re8 26. f4 Rh5 27. e5 Qh4 28. Qxh4 Rxh4 29. exd6 Rxe3 30. Rxe3 cxd6 31. f5 gxf5 32. Bxf5 b4 33. g4 a5 34. Kh2 Kg7 35. Kg3 Rh8 36. h4 Rb8 37. b3 a4 38. c4 axb3 39. axb3 d5 40. c5 Rb5 41. g5 Rxc5 42. Re7 d4 43.
Be6 Bd5 44. Rxf7+ Kg6 45. Rf6+ Kg7 46. Bf5 d3 47. h5 d2 48. h6+ Kg8 49. h7+ Kg7 50.
Rf8 Rc3+ 51. Kh4 Kxf8 52. h8=Q+ Ke7 53. Qe5+ Kf8 54. Qd6+ Kg7 55. Qxd5 1-0

[Event "*** Titled Tuesday Blitz"]
[Site "Chess.com"]
[Date "2021.02.02"]
[Round "8"]
[White "Susal_De_Silva"]
[Black "RobertoJBM"]
[Result "0-1"]
[WhiteElo "2601"]
[BlackElo "2782"]
[TimeControl "180+1"]
[EndTime "11:30:38 PST"]
[Termination "RobertoJBM won by resignation"]

1. e4 c6 2. d4 d5 3. Nc3 dxe4 4. Nxe4 Nd7 5. Ng5 Ngf6 6. Bd3 e6 7. Qe2 Bd6 8. N1f3 h6 9. Ne4 Nxe4 10. Qxe4 Nf6 11. Qh4 Ke7 12. g4 g5 13. Qh3 e5 14. dxe5 Bxe5 15.
Nxe5 Qa5+ 16. Bd2 Qxe5+ 17. Qe3 Qxe3+ 18. Bxe3 Bxg4 19. O-O Rhe8 20. Rfe1 Kf8 21. h4 Nd5 22. Bd2 f6 23. Bg6 Rxe1+ 24. Rxe1 b5 25. Kg2 a5 26. f3 Bd7 27. Be4 Be6 28. b3 b4 29. hxg5 hxg5 30. Rh1 Rd8 31. Rh7 Bf7 32. Rh8+ Bg8 33. Bd3 Kg7 34. Rh1 Bf7 35. Rh7+ Kf8 36. Rh1 Re8 37. Kf2 Re7 38. Rh8+ Bg8 39. Rh6 Kg7 40.
Rh1 Bf7 41. Rh7+ Kg8 42. Rh1 c5 43. Bh7+ Kg7 44. Bd3 Bg6 45. Rc1 Bxd3 46. cxd3 Rc7 47. Rc4 Kf7 48. Be3 Nxe3 49. Kxe3 Ke6 50. d4 cxd4+ 51.
Kxd4 Rxc4+ 52. Kxc4 f5 53. Kd4 Kd6 54. Kc4 Ke5 55. Kb5 g4 56. Kxa5 0-1

[Event "*** Titled Tuesday Blitz"]
[Site "Chess.com"]
[Date "2021.02.02"]
[Round "8"]
[White "adriangschnitzer"]
[Black "Piotrek1979"]
[Result "0-1"]
[WhiteElo "2475"]
[BlackElo "2346"]
[TimeControl "180+1"]
[EndTime "11:30:38 PST"]
[Termination "Piotrek1979 won by resignation"]

1. e4 c6 2. d4 d5 3. e5 Bf5 4. Nf3 e6 5. Be2 Ne7 6. O-O Nd7 7. Nbd2 h6 8. a4 g5 9. a5 Bg7 10. c4 Ng6 11. Ne1 h5 12. Bxh5 Nf4 13. Bg4 Bxg4 14. Qxg4 Rh4 15. Qf3 Qe7 16. Nd3 O-O-O 17. b4 Rdh8 18.
Nxf4 Rxf4 19. Qg3 Rxd4 20. cxd5 Bxe5 21. dxc6 Bxg3 22. cxd7+ Qxd7 23. hxg3 Rxd2 24. Bxd2 Qxd2 25. b5 g4 26. b6 Qh6 27. Rfc1+ Kb8 28. Kf1 Qh1+ 29.
Ke2 Qxg2 30. Ra3 Rd8 31. a6 Qe4+ 32. Re3 Qa4 33. bxa7+ Kxa7 34. axb7 Qb5+ 35. Ke1 Kb8 36. Rec3 Qb4 37. Kf1 Rd1+ 38. Rxd1 Qxc3 39. Rd7 f5 40. Re7 Qc1+ 41. Kg2 Qc6+ 42. Kf1 Qd5 43. Ke2 e5 44.
Kf1 f4 45. gxf4 exf4 46. Rg7 Qd1+ 47. Kg2 Qf3+ 48. Kg1 g3 49. fxg3 Qd1+ 50. Kf2 Qd2+ 51. Kg1 Qd4+ 52. Kh2 Qxg7 53. gxf4 Qg4 54. f5 Kxb7 55. f6 Qg6 56. f7 Qxf7 0-1

[Event "*** Titled Tuesday Blitz"]
[Site "Chess.com"]
[Date "2021.02.02"]
[Round "8"]
[White "Aikiigm"]
[Black "GameOverBro"]
[Result "1-0"]
[WhiteElo "2570"]
[BlackElo "2436"]
[TimeControl "180+1"]
[EndTime "11:30:39 PST"]
[Termination "Aikiigm won by resignation"]

1. d4 d6 2. Nf3 Nf6 3. Bg5 Nbd7 4.
Nbd2 e5 5. e4 Be7 6. Bc4 c6 7.
dxe5 dxe5 8. a4 Qc7 9. c3 a5 10.
O-O O-O 11. Re1 Re8 12. Nf1 h6 13. Bh4 Nh5 14. Bxe7 Rxe7 15. Ng3 Nxg3 16. hxg3 Nf6 17.
Qb3 Bg4 18. Rad1 Rd8 19. Qc2 Bxf3 20. gxf3 Red7 21. Rxd7 Qxd7 22. Qb3 Kf8 23. Kg2 Qd2 24. Re2 Qd7 25. Qb6 Ra8 26. Re3 Ne8 27. Rd3 Qe7 28.
Ba2 g6 29. Qe3 Kg7 30. Qd2 Nf6 31. Bc4 Qc7 32. Ba2 Re8 33. Qc2 Re7 34. Qb3 Ne8 35.
Qc4 Nd6 36. Qc5 Ne8 37. b4 b6 38. Qc4 Nd6 39. Qb3 Nb7 40. Qd1 axb4 41. cxb4 c5 42. b5 Na5 43. Qc2 c4 44. Rd5 Re8 45. Qc3 f6 46. Qc2 c3 47. Rd3 Rc8 48. Bd5 Qc5 49. f4 exf4 50. gxf4 Rc7 51. Rg3 f5 52. Bc6 Nxc6 53.
Rxc3 Qd4 54. Rxc6 Rf7 55. Rc4 Qa1 56. e5 h5 57. e6 h4 58. exf7 h3+ 59. Kxh3 Qh1+ 60.
Kg3 Qg1+ 61. Kf3 Qh1+ 62. Ke3 Qe1+ 63. Kd3 Qf1+ 64. Kc3 Qa1+ 65. Kb3 Kxf7 66. Rc7+ Kg8 67. Qc4+ Kh8 68. Qc3+ 1-0

[Event "*** Titled Tuesday Blitz"]
[Site "Chess.com"]
[Date "2021.02.02"]
[Round "8"]
[White "Saxar85"]
[Black "Iball95"]
[Result "0-1"]
[WhiteElo "2777"]
[BlackElo "2641"]
[TimeControl "180+1"]
[EndTime "11:30:41 PST"]
[Termination "Iball95 won by checkmate"]

1. Nf3 g6 2. e4 c5 3. d4 Bg7 4. c4 Qa5+ 5. Nc3 Nc6 6. Be3 Nf6 7. d5 Nxe4 8. dxc6 Nxc3 9. Qd2 b6 10. c7 Na4 11. Qxa5 bxa5 12. Be2 Bb7 13. Bd2 d6 14.
Bxa5 Kd7 15. O-O Nb6 16. Ng5 Raf8 17. Rab1 h6 18. Nf3 Be4 19. Rbd1 Kxc7 20. b3 g5 21. Rfe1 Re8 22. Nd2 Bc6 23. Bf3 Rhf8 24. Bxc6 Kxc6 25. g4 Nd7 26. Kg2 Ne5 27. f3 Nd3 28. Re4 Nf4+ 29. Kf1 e6 30. Rde1 Kd7 31. Nb1 Bd4 32. Bc3 e5 33.
Bd2 f5 34. gxf5 Rxf5 35. Bxf4 gxf4 36. Nd2 Rg8 37. Ke2 Rg2+ 38. Kd3 Rxh2 39. R4e2 Rfh5 40. Ne4 R5h3 41. Rxh2 Rxh2 42. a3 Ke6 43. b4 Ra2 44. bxc5 dxc5 45. Rb1 Rxa3+ 46. Ke2 Re3+ 47. Kd2 Rxf3 48.
Rb8 Re3 49. Re8+ Kf5 50. Nd6+ Kg4 51. Rg8+ Kf3 52. Nf5 Re2+ 53. Kd3 e4# 0-1

[Event "*** Titled Tuesday Blitz"]
[Site "Chess.com"]
[Date "2021.02.02"]
[Round "8"]
[White "Boninknights"]
[Black "Sanyura"]
[Result "1/2-1/2"]
[WhiteElo "2486"]
[BlackElo "2687"]
[TimeControl "180+1"]
[EndTime "11:30:41 PST"]
[Termination "Game drawn by stalemate"]

1. d4 Nf6 2. Nf3 g6 3. c4 Bg7 4. Nc3 d6 5. e4 O-O 6. Be2 e5 7. dxe5 dxe5 8. Qxd8 Rxd8 9. Bg5 Re8 10. Nd5 Nxd5 11.
cxd5 c6 12. Bc4 b5 13. Bb3 a5 14. a3 a4 15. Ba2 Bb7 16. Rc1 Ra6 17. O-O Nd7 18.
dxc6 Rxc6 19. Rxc6 Bxc6 20. Be3 Bxe4 21. Ng5 Bd3 22.
Bxf7+ Kf8 23. Bxe8 Kxe8 24. Rd1 e4 25. Nxh7 Bxb2 26.
Bc1 Bc3 27. Ng5 Nb6 28. f3 Bc2 29. Nxe4 Bxe4 30. fxe4 Ke7 31. h4 Ke6 32. g4 Nc4 33. Rd5 b4 34. axb4 a3 35. Bxa3 Nxa3 36. b5 Nc4 37. h5 gxh5 38. gxh5 Nb6 39. Rf5 Bg7 40. Kg2 Bh6 41. Kg3 Nc4 42. Rc5 Nd6 43. b6 Nxe4+ 44. Kf3 Nxc5 45. b7 Nxb7 46. Ke4 Nd6+ 47. Kd4 Nf5+ 48.
Kc5 Kf6 49. Kd5 Bf8 50. Ke4 Kg5 51. h6 Nxh6 52. Ke5 Ng4+ 53. Ke6 Bb4 54. Kf7 Kf5 55. Ke8 Ke6 56. Kd8 Ne5 57. Kc7 Nd7 58. Kc6 Bd6 59. Kb7 Kd5 60. Kc8 Kc6 61. Kd8 Bb4 62. Kc8 Bc5 63. Kd8 Bd6 64. Kc8 Be7 1/2-1/2

[Event "*** Titled Tuesday Blitz"]
[Site "Chess.com"]
[Date "2021.02.02"]
[Round "8"]
[White "MariaFominykh"]
[Black "The_Machine04"]
[Result "1-0"]
[WhiteElo "2276"]
[BlackElo "2474"]
[TimeControl "180+1"]
[EndTime "11:30:41 PST"]
[Termination "MariaFominykh won on time"]

1. d4 d6 2. Nf3 Nf6 3. c4 g6 4. Nc3 Bf5 5. Nd2 e5 6. d5 e4 7. e3 Bg7 8. Be2 h5 9. Nb3 Nbd7 10. Nd4 Ne5 11. Nxf5 gxf5 12. Qb3 b6 13. Bd2 Nfg4 14. h3 Nf6 15. Nb5 Nfd7 16. Bb4 a5 17. Ba3 h4 18. f4 exf3 19. gxf3 Rc8 20. f4 Ng6 21. Nd4 Bxd4 22. exd4 Qe7 23. Qf3 Qe4 24. Qxe4+ fxe4 25. f5 Nf4 26. Kd2 Rg8 27. Bg4 Nf6 28. Rag1 Ke7 29. Ke3 N4h5 30. Bxh5 Nxh5 31. Rg4 Ng3 32. Re1 Rxg4 33.
hxg4 Kf6 34. Kf4 Rg8 35. b3 Kg7 36. c5 Rd8 37. cxd6 cxd6 38. g5 f6 39. g6 Rh8 40.
Kg4 Re8 41. Bxd6 e3 42. Bxg3 hxg3 43. Kxg3 Re4 44. Kf3 Rxd4 45. Rxe3 Rxd5 46. Re7+ Kh6 47. Ke4 Rd1 48. Rh7+ Kg5 49. g7 Re1+ 50. Kf3 Re8 51. Rh8 1-0

[Event "*** Titled Tuesday Blitz"]
[Site "Chess.com"]
[Date "2021.02.02"]
[Round "8"]
[White "MikeSailer"]
[Black "profofchess"]
[Result "1/2-1/2"]
[WhiteElo "2202"]
[BlackElo "2392"]
[TimeControl "180+1"]
[EndTime "11:30:42 PST"]
[Termination "Game drawn by repetition"]

1. d4 Nf6 2. Nf3 e6 3. Bg5 Be7 4. e3 b6 5. Bd3 c5 6. c3 Bb7 7.
Nbd2 cxd4 8. exd4 O-O 9. O-O d6 10.
Re1 Nbd7 11. a4 a6 12. Qe2 Re8 13. Nf1 Nf8 14. Ng3 Ng6 15. h4 Nd5 16. Bxe7 Qxe7 17. Qc2 Nxh4 18. Bxh7+ Kh8 19. Nxh4 Qxh4 20. Be4 Rac8 21.
Bf3 Rc7 22. Re4 Qe7 23. Rg4 g6 24. Qd2 Kh7 25. Ne4 Rh8 26. Ng5+ Kg7 27. Re1 Nf6 28. Rg3 Bxf3 29. Rxf3 Rh5 30. Qf4 Nd5 31. Qxf7+ Qxf7 32. Nxf7 Rxf7 33. Rxe6 Rxf3 34. gxf3 Kf7 35. Rxd6 Rg5+ 36. Kf1 Ke7 37. Rc6 Kd7 38. Rc4 Nf4 39. b4 Rh5 40. Ke1 b5 41. axb5 axb5 42. Rc5 Rxc5 43. dxc5 Kc6 44. Kd2 Kd5 45. Ke3 Ne6 46. Kd3 g5 47. c6 Kxc6 48. Ke4 Kd6 49. Kf5 Ke7 50. Ke5 Nc7 51.
Kd4 Kd6 52. c4 bxc4 53. Kxc4 Ke5 54. Kd3 Kf4 55. Ke2 Nb5 56. Kf1 Kxf3 57. Kg1 Nd4 58. Kf1 Nb5 59. Kg1 Nc7 60. Kf1 Nb5 1/2-1/2

[Event "*** Titled Tuesday Blitz"]
[Site "Chess.com"]
[Date "2021.02.02"]
[Round "8"]
[White "anantone"]
[Black "Shahaliyev"]
[Result "1-0"]
[WhiteElo "2568"]
[BlackElo "2720"]
[TimeControl "180+1"]
[EndTime "11:30:43 PST"]
[Termination "anantone won by resignation"]

1. c4 e5 2. g3 Nf6 3. Bg2 c6 4.
Nc3 Be7 5. Nf3 d6 6. O-O O-O 7. d3 Nbd7 8. Rb1 a5 9. a3 d5 10. cxd5 cxd5 11. d4 e4 12. Ne5 Nb6 13. Nb5 a4 14.
Bg5 Bd7 15. Nc3 h6 16. Bxf6 Bxf6 17. Nxd7 Qxd7 18. e3 Nc4 19. h4 b5 20. Kh2 Rfb8 21. Bh3 Qd6 22. Qh5 Nd2 23. Qxd5 Nxf1+ 24. Rxf1 Qxd5 25. Nxd5 Bd8 26. Bf5 Ra6 27. Rc1 Ba5 28.
Bxe4 Re6 29. Bd3 Rd6 30. Nb4 Bxb4 31. axb4 Ra6 32. Rc5 a3 33. bxa3 Rxa3 34. Bxb5 Rb3 35. Bc4 R3xb4 36. Rc7 Rf8 37. Kg2 g6 38. Kf3 Kg7 39.
g4 Kf6 40. Kf4 g5+ 41. hxg5+ hxg5+ 42. Kf3 Kg6 43. e4 Ra4 44. e5 Ra3+ 45. Ke4 Ra1 46. Bd3 Re1+ 47. Kd5+ Kh6 48. Rd7 Rg1 49. f3 Rd1 50.
Be4 Rb8 51. Rxf7 Rd8+ 52. Ke6 Rh8 53. d5 Re8+ 54. Kd7 Rxd5+ 55. Bxd5 Rxe5 56. Rf6+ Kg7 57. Rd6 Re3 58. Be4 1-0

[Event "*** Titled Tuesday Blitz"]
[Site "Chess.com"]
[Date "2021.02.02"]
[Round "8"]
[White "poliplaza"]
[Black "Zhigalko_Sergei"]
[Result "1/2-1/2"]
[WhiteElo "2516"]
[BlackElo "2877"]
[TimeControl "180+1"]
[EndTime "11:30:44 PST"]
[Termination "Game drawn by repetition"]

1. d4 Nf6 2. c4 e6 3. Nc3 Bb4 4. Bd2 O-O 5. Nf3 b6 6. e3 Bb7 7.
Be2 d6 8. O-O Nbd7 9. Rc1 Qe7 10. a3 Bxc3 11. Bxc3 Ne4 12. Be1 f5 13. Nd2 Qg5 14.
f4 Qg6 15. Bf3 Ndf6 16. Bh4 Nxd2 17. Qxd2 Ne4 18. Bxe4 Bxe4 19. c5 bxc5 20. dxc5 Rfb8 21. cxd6 cxd6 22. Rf2 Rc8 23. Be7 e5 24. h3 exf4 25.
exf4 d5 26. Bc5 a5 27. b4 axb4 28. axb4 h6 29. Bd4 Rc4 30. Rxc4 dxc4 31. Bc3 Kh7 32. Qd4 Ra3 33. Qxc4 Ra8 34. Qd4 Rc8 35. b5 Qf7 36. b6 Rc4 37. Qd2 Ra4 38. Bd4 Ra3 39. Be5 Rb3 40. Kh2 Qg6 41. Qe2 Qg3+ 42. Kh1 Rb1+ 43. Rf1 Qxh3+ 44. Kg1 Rxf1+ 45. Qxf1 Qe3+ 46. Qf2 Qc1+ 47. Kh2 Qc6 48. Qb2 Qg6 49. b7 Qh5+ 50. Kg1 Qd1+ 51.
Kh2 Qh5+ 52. Kg1 Qd1+ 53. Kh2 Qh5+ 1/2-1/2

[Event "*** Titled Tuesday Blitz"]
[Site "Chess.com"]
[Date "2021.02.02"]
[Round "8"]
[White "Moon_stone123"]
[Black "Mambastik-Fantastic"]
[Result "1-0"]
[WhiteElo "2431"]
[BlackElo "2276"]
[TimeControl "180+1"]
[EndTime "11:30:44 PST"]
[Termination "Moon_stone123 won by resignation"]

1. Nf3 d5 2. g3 Bg4 3. Bg2 Nd7 4. O-O Ngf6 5. c4 e6 6. b3 c6 7. Bb2 Be7 8. d3 O-O 9. Nbd2 a5 10. a3 Qb8 11.
Qc2 Rd8 12. Bc3 Bf8 13. Qb2 a4 14. b4 Bh5 15. Rab1 Qa7 16. Bd4 c5 17. bxc5 Bxc5 18. Bc3 dxc4 19. Nxc4 Rab8 20. Nce5 Nf8 21. d4 Bd6 22. Rfe1 Nd5 23. Bd2 Bg6 24. e4 Ne7 25.
Nc4 Bc7 26. Rbd1 b5 27. Nce5 Bb6 28. Bb4 Rdc8 29. Rc1 Rxc1 30. Rxc1 Bxe4 31. Ng5 Bxg2 32. Kxg2 Bxd4 33. Qe2 Qb7+ 34. Nef3 Bf6 35. Ne4 Nd5 36. Bc5 Nd7 37. Bd6 Rc8 38. Rxc8+ Qxc8 39. Qxb5 h6 40. Qxa4 Kh7 41. Qb3 Qc6 42. Nxf6+ N7xf6 43. Bb4 g5 44. Qb1+ Kg8 45. h3 h5 46. Bd2 g4 47. hxg4 hxg4 48.
Ne5 Qa8 49. Kg1 Ne4 50. Qxe4 Qxa3 51. Qxg4+ Kf8 52. Bh6+ Ke8 53. Qg8+ Ke7 54. Qf8+ Kf6 55. Qxa3 1-0

[Event "*** Titled Tuesday Blitz"]
[Site "Chess.com"]
[Date "2021.02.02"]
[Round "8"]
[White "Chamal_Gedgafov"]
[Black "picturesquecheck"]
[Result "0-1"]
[WhiteElo "2351"]
[BlackElo "2226"]
[TimeControl "180+1"]
[EndTime "11:30:44 PST"]
[Termination "picturesquecheck won on time"]

1. e4 c5 2. Nf3 Nc6 3. d4 cxd4 4. Nxd4 Nf6 5. Nc3 d6 6. Bg5 e6 7. Qd2 a6 8. O-O-O h6 9. Bf4 Bd7 10. Nxc6 Bxc6 11. Qe1 Qa5 12. Bxd6 Bxd6 13. Rxd6 O-O 14.
Rd1 Rfd8 15. f3 b5 16. Kb1 Rdc8 17. Nd5 Qxe1 18. Nxf6+ gxf6 19. Rxe1 Kf8 20. Bd3 Ke7 21. Rd1 Rg8 22. Rd2 h5 23. h4 Rad8 24. Rhd1 a5 25. a3 b4 26. axb4 axb4 27. b3 Rd7 28. Kb2 Ra8 29. Ra1 Rda7 30. Rxa7+ Rxa7 31. Be2 Rb7 32. Rd1 Bd7 33. Ra1 e5 34. Bc4 f5 35. Bd5 Rb6 36. Ra7 fxe4 37. Bxe4 Kd6 38. Rb7 Rxb7 39. Bxb7 f5 40.
c3 Kc5 41. Kc2 Be8 42. Bc8 Bg6 43. Kd2 f4 44. Be6 Kb5 45. Bd5 Kc5 46. Be4 Bf7 47. Kc2 Be6 0-1

[Event "*** Titled Tuesday Blitz"]
[Site "Chess.com"]
[Date "2021.02.02"]
[Round "8"]
[White "dianamirza"]
[Black "PattyCastillo"]
[Result "0-1"]
[WhiteElo "1908"]
[BlackElo "2037"]
[TimeControl "180+1"]
[EndTime "11:30:44 PST"]
[Termination "PattyCastillo won by resignation"]

1. e4 c5 2. Nf3 d6 3. d4 cxd4 4. Nxd4 Nf6 5. Nc3 a6 6. Be3 e5 7. Nf5 d5 8. Nxg7+ Bxg7 9. exd5 O-O 10. Bc4 b5 11. Bb3 Bb7 12. O-O b4 13. Na4 Bxd5 14.
Nb6 Bxb3 15. Nxa8 Qxd1 16. Raxd1 Bxc2 17. Rc1 b3 18. axb3 Bxb3 19. Nb6 Nbd7 20. Nxd7 Nxd7 21. Rc7 Nf6 22. Ra1 Nd5 23. Rb7 Bc4 24. Bc5 Rc8 25. b4 e4 26. Rc1 Bb5 27. Rd1 Bc6 28. Ra7 Nc3 29. Rd6 Bb5 30. g3 h5 31. Rb6 Ne2+ 32.
Kg2 Nc3 33. Rbb7 Bc4 34. Rc7 Re8 35. Bb6 e3 36. Bxe3 Bd5+ 37. Kg1 Nb5 38. Rab7 Nxc7 39. Rxc7 Bf3 40. h4 Rd8 41. Rc1 Rb8 42. Bc5 Bb2 43. Re1 Bc3 44. Re3 Bxb4 45. Rxf3 Bxc5 46. Rc3 Rb1+ 47.
Kg2 Be7 48. Re3 Ra1 49. Rxe7 Kg7 50. Ra7 a5 51. Kf3 a4 52. Ke2 a3 53. Kd2 a2 54.
Kc2 Rf1 55. Rxa2 Rxf2+ 56. Kb3 Rxa2 57. Kxa2 Kf6 58. Kb3 Kf5 59. Kc3 Kg4 60. Kd3 Kxg3 61. Ke4 Kxh4 62. Kf5 Kg3 63. Kf6 h4 64. Kxf7 h3 65. Kg6 h2 66. Kf5 h1=Q 0-1

[Event "*** Titled Tuesday Blitz"]
[Site "Chess.com"]
[Date "2021.02.02"]
[Round "8"]
[White "hleol"]
[Black "bazar-wokzal"]
[Result "0-1"]
[WhiteElo "2407"]
[BlackElo "2525"]
[TimeControl "180+1"]
[EndTime "11:30:45 PST"]
[Termination "bazar-wokzal won by resignation"]

1. d4 Nf6 2. Bg5 e6 3. e4 h6 4. Bxf6 Qxf6 5. c3 d5 6. Nd2 c5 7. Ngf3 cxd4 8. Nxd4 Nc6 9. Bb5 Bd7 10. O-O Bc5 11. exd5 exd5 12. Re1+ Kf8 13. Bxc6 bxc6 14. N2b3 Bb6 15. Qf3 Qxf3 16. Nxf3 f6 17. Nbd4 Kf7 18.
a4 a5 19. Nh4 g6 20. Re2 Rhe8 21. Rae1 Rxe2 22. Rxe2 c5 23. Nb5 g5 24. Nd6+ Kg8 25. Re7 Bxa4 26. Nhf5 Ra7 27. Nxh6+ Kf8 28. Rxa7 Bxa7 29. Nc8 Bb8 30. Nb6 Bb5 31. Nxd5 Kg7 32. Nf5+ Kf7 33. f3 a4 34. Kf2 Bd3 35. Nfe3 Be5 36.
Nb6 a3 37. bxa3 Bxc3 38. a4 Ke6 39. Nd1 Bd4+ 40. Ke1 c4 41. a5 Kd6 42. Kd2 Bf1 43. Nc3 Kc6 44. Nc8 Bxg2 45. Ne7+ Kb7 46. Ned5 Bxf3 47. Nb4 f5 48. Ncd5 f4 49. a6+ Ka7 50.
Nc3 Bxc3+ 51. Kxc3 g4 52. Kxc4 g3 53. hxg3 fxg3 54.
Kd3 g2 55. Nc6+ Bxc6 0-1

[Event "*** Titled Tuesday Blitz"]
[Site "Chess.com"]
[Date "2021.02.02"]
[Round "8"]
[White "dopolian"]
[Black "Rogarcia1"]
[Result "0-1"]
[WhiteElo "2414"]
[BlackElo "2276"]
[TimeControl "180+1"]
[EndTime "11:30:46 PST"]
[Termination "Rogarcia1 won on time"]

1. e4 d5 2. exd5 Qxd5 3. Nc3 Qa5 4. Nf3 Nf6 5. d4 Bf5 6. Bc4 e6 7. Bd2 Bb4 8. O-O O-O 9. a3 Bxc3 10. Bxc3 Qb6 11.
b3 Nc6 12. Bd3 Be4 13. Bxe4 Nxe4 14. Bb2 Rad8 15. Qe2 Nf6 16. Rfd1 Rfe8 17. h3 h6 18. Rd3 Nd5 19. Qd2 a5 20. c4 Nde7 21. Rd1 Nf5 22.
Qf4 Rd7 23. d5 Nce7 24. dxe6 Rxd3 25. exf7+ Kxf7 26. Rxd3 Kg8 27. Ne5 Qe6 28. Qg4 Rf8 29. Kh2 a4 30. b4 Nc6 31. Nxc6 bxc6 32. Rf3 Rf7 33. Qf4 Nd6 34. Qe3 Qxe3 35. Rxe3 Nxc4 36. Re2 Nxb2 37. Rxb2 Rd7 38. Rc2 Rd6 39. Rc3 Kf7 40. Kg3 Ke7 41. Kf4 Kd7 42. Ke3 Rd5 43. f4 Kd6 44. g4 g6 45. Ke4 Ke6 46. Rd3 Rxd3 47. Kxd3 Kd5 48. h4 c5 49. h5 gxh5 0-1

[Event "*** Titled Tuesday Blitz"]
[Site "Chess.com"]
[Date "2021.02.02"]
[Round "8"]
[White "flexova"]
[Black "Kildepiotr"]
[Result "0-1"]
[WhiteElo "2440"]
[BlackElo "2593"]
[TimeControl "180+1"]
[EndTime "11:30:47 PST"]
[Termination "Kildepiotr won on time"]

1. e4 g6 2. d4 Bg7 3. Nc3 c6 4. g3 d6 5. Bg2 Nf6 6. Nge2 O-O 7.
O-O Nbd7 8. h3 e5 9. Be3 Qc7 10. g4 b5 11. a3 Nb6 12. b3 Re8 13. f4 exd4 14. Nxd4 Bb7 15. Qd2 a6 16. Nde2 c5 17.
Ng3 b4 18. axb4 cxb4 19. Na4 Nxa4 20. Rxa4 Nxe4 21. Nxe4 Bxe4 22. Bd4 Bxg2 23. Kxg2 Bxd4 24. Qxd4 Qxc2+ 25. Rf2 Qxb3 26. Rxb4 Qe3 27. Qxd6 Re4 28. Rb7 Rd4 29. Qc7 Qe4+ 30. Kh2 Qd5 31. Re2 Rd2 32. Rxd2 Qxd2+ 33. Kg3 Qd3+ 34. Kg2 Qd5+ 35. Kg3 Re8 36. Rb8 Qd3+ 37. Kh4 Rxb8 38. Qxb8+ Kg7 39. Qe5+ Kf8 40. Qb8+ Ke7 41. Qc7+ Ke8 42. Qc6+ Ke7 43. Qc7+ Qd7 44. Qc5+ Qd6 45. Qa7+ Kf8 46. f5 Kg7 47. Qb7 g5+ 0-1

[Event "*** Titled Tuesday Blitz"]
[Site "Chess.com"]
[Date "2021.02.02"]
[Round "8"]
[White "GOGIEFF"]
[Black "Fandorine"]
[Result "0-1"]
[WhiteElo "2910"]
[BlackElo "2850"]
[TimeControl "180+1"]
[EndTime "11:30:48 PST"]
[Termination "Fandorine won by resignation"]

1. d4 Nf6 2. c4 g6 3. Nc3 Bg7 4. e4 d6 5. Be2 O-O 6. Bg5 c5 7. d5 Qb6 8. Qc2 e6 9. Nf3 Re8 10. Nd2 Nbd7 11. O-O a6 12. a4 Rb8 13.
Rfd1 exd5 14. cxd5 Qc7 15. a5 h6 16. Be3 Ne5 17.
h3 g5 18. Na4 g4 19. h4 g3 20. fxg3 Neg4 21. Bf4 Nxd5 22. Bxg4 Nxf4 23. Bxc8 Ne2+ 24. Kh2 Rbxc8 25. Nb6 d5 26. Ra3 Be5 27. Nf1 Nd4 28. Qb1 Rcd8 29. Nxd5 Qd6 30. Rad3 Qg6 31. Re3 Kh8 32. b4 c4 33. Qc1 Qg4 34. Kh1 Nc6 35. Nh2 Qh5 36. Rf1 Re6 37. Rf5 Qg6 38. Qxc4 Bg7 39.
g4 Rde8 40. Nf4 Qh7 41. Nxe6 fxe6 42. Rf1 Ne5 43. Qc7 Qg6 44. Qxb7 Nxg4 45. Rg3 Nf2+ 46. Rxf2 Qxg3 47. Rf3 Qe1+ 48. Rf1 Qxh4 49. Qc7 Qxe4 50.
Nf3 Rg8 51. Qd6 Qc4 52. Re1 Qg4 53. Qxe6 Qxb4 54. Ne5 Qxe1+ 55. Kh2 Bxe5+ 0-1

[Event "*** Titled Tuesday Blitz"]
[Site "Chess.com"]
[Date "2021.02.02"]
[Round "8"]
[White "Korchmar_Vasiliy"]
[Black "vovachesss"]
[Result "0-1"]
[WhiteElo "2591"]
[BlackElo "2747"]
[TimeControl "180+1"]
[EndTime "11:30:48 PST"]
[Termination "vovachesss won on time"]

1. e4 Nf6 2. e5 Nd5 3. d4 d6 4. Nf3 dxe5 5. Nxe5 c6 6. Bc4 Bf5 7.
Qf3 e6 8. Nxf7 Kxf7 9. g4 Qf6 10. gxf5 Qxf5 11. Qe2 Nd7 12. c3 Bd6 13. Be3 Rhf8 14. Bd3 Qh3 15. Nd2 Kg8 16. O-O-O e5 17. Ne4 Be7 18. Rhg1 Nf4 19. Bxf4 Rxf4 20. Rg3 Qh6 21. Kb1 exd4 22. cxd4 Nf6 23. Ng5 Nd5 24. Bxh7+ Kh8 25.
Rh3 Qxg5 26. Rh5 Qf6 27. Bf5+ Kg8 28. Be6+ Qf7 29. Bxf7+ Rxf7 30. Re5 Nf4 31. Qe4 Bd6 32. Re8+ Rf8 33. Rxf8+ Rxf8 34. Ka1 Nd5 35. Qc2 Nb4 36. Qb3+ Nd5 37. a3 Rf7 38. Rg1 b5 39. h4 Rxf2 40.
Qd3 Be7 41. Qg6 Bf6 42. h5 Bxd4 43. Qe8+ Kh7 44. Qg6+ Kg8 45. h6 Bxb2+ 46. Ka2 Bf6+ 47.
Kb1 Nc3+ 48. Kc1 Ne2+ 49. Kd1 Nxg1 50. hxg7 Ne2 51. Qe8+ Kxg7 52. Qd7+ Kh6 53. Qh3+ Kg5 0-1